 Dungeon Crawl Stone Soup version 0.29-a0-892-g2c4c91d9db (webtiles) character file.

Game seed: 17094739797830112926

23 croobank the Chiller (level 2, -2/20 HPs)
             Began as a Mummy Ice Elementalist on July 21, 2022.
             Slain by Natasha (9 damage)
             ... on level 2 of the Dungeon on July 22, 2022.
             The game lasted 00:04:07 (1660 turns).

croobank the Chiller (Mummy Ice Elementalist)       Turns: 1660, Time: 00:04:07

Health: -2/20      AC:  2    Str: 11    XL:     2   Next: 75%
Magic:  6/6        EV: 12    Int: 14    God:
Gold:   36         SH:  0    Dex: 12    Spells: 6/7 levels left

rFire   x . .      SeeInvis .   c - +0 dagger (vamp)
rCold   + . .      Faith    .   (no shield)
rNeg    + + +      Spirit   .   a - +0 robe
rPois   ∞          Reflect  .   (no helmet)
rElec   .          Harm     .   (no cloak)
rCorr   .          Rampage  .   (no gloves)
Will    .....                   (no boots)
Stlth   ++........              (no amulet)
HPRegen 0.06/turn               (no ring)
MPRegen 0.10/turn               (no ring)

@: no status effects
A: cold resistance 1, negative energy resistance 3, torment resistance 2, heat
vulnerability 1, no potions
a: no special abilities


You were on level 2 of the Dungeon.
You visited 1 branch of the dungeon, and saw 2 of its levels.

You collected 36 gold pieces.

Inventory:

Hand Weapons
 c - a +0 vampiric dagger (weapon)
Armour
 a - a +0 robe (worn)
 e - a +0 plate armour
Scrolls
 b - a scroll of brand weapon
 d - a scroll of identify


   Skills:
 + Level 0.7 Fighting
 + Level 1.8 Dodging
 + Level 1.9 Stealth
 + Level 3.0 Spellcasting
 + Level 3.4 Ice Magic


You had 6 spell levels left.
You knew the following spells:

 Your Spells              Type           Power      Damage    Failure   Level
a - Freeze                Ice            44%        1d6       5%          1

Your spell library contained the following spells:

 Spells                   Type           Power      Damage    Failure   Level
 Frozen Ramparts          Ice            22%        1d4       16%         3
 Ozocubu's Armour         Ice            11%        N/A       16%         3
 Hailstorm                Conj/Ice       6%         3d4       71%         4


Dungeon Overview and Level Annotations

Branches:
Dungeon (2/15)

Altars:

Annotations:
D:2 Natasha


Innate Abilities, Weirdness & Mutations

You are immune to poison.
Your flesh is cold resistant. (rC+)
You are immune to negative energy. (rN+++)
You are immune to unholy pain and torment.
You are vulnerable to heat. (rF-)
You do not drink.


Message History

No target in view!
There is a stone staircase leading up here.
A goblin comes into view. It is wielding a +0 dagger.
Found an escape hatch in the floor.
The goblin closely misses you.
You closely miss the goblin. The goblin misses you.
You hit the goblin.
The goblin is severely wounded.
The goblin barely misses you.
You hit the goblin.
You kill the goblin!
No target in view!
Okay, then.
You see here a +0 dagger.
Found a whip.
Found a leather armour.
You see here a +0 whip.
Natasha and an endoplasm come into view.
You barely miss the endoplasm.
The endoplasm hits you but does no damage.
You hit the endoplasm.
The endoplasm is moderately wounded.
The endoplasm freezes you.
You are frozen.
You resist.
You hit the endoplasm.
The endoplasm is severely wounded.
The endoplasm freezes you.
You are frozen.
You resist.
You hit the endoplasm.
The endoplasm is almost dead.
Natasha claws you. The endoplasm misses you.
You hit the endoplasm.
You kill the endoplasm!
Natasha misses you.
You barely miss Natasha. Natasha claws you.
You are too injured to fight recklessly!
You are too injured to fight recklessly!
You are too injured to fight recklessly!
You closely miss Natasha. Natasha misses you.
You hit Natasha but do no damage. Natasha claws you!
You die...

.# .#
##############.######
#.......##....[......
#.##.....).##..######
#.##.##.##.##..#
#.##.##.##.##..#
#.#>.......##..#
#.#..##.##.##@.#
####.#).##.##.##.h#
..............##..#
####.#.....#####...
#^#.##..# ##... #....
..# .... ###.##.##
##.## #.# # .# #.#


You could see Natasha.

Vanquished Creatures
  A dart slug (D:1)
  A ball python (D:1)
  3 endoplasms
  A giant cockroach (D:1)
  5 goblins
  2 hobgoblins (D:1)
  A quokka (D:1)
  A bat (D:1)
  A frilled lizard (D:1)
  3 rats
19 creatures vanquished.

Notes
Turn   | Place    | Note
-------+----------+-------------------------------------------
     0 | D:1      | croobank the Mummy Ice Elementalist began the quest for the
                  | Orb.
     0 | D:1      | Reached XP level 1. HP: 13/13 MP: 4/4
   674 | D:1      | Reached XP level 2. HP: 12/20 MP: 5/5
  1605 | D:2      | Upgraded the game from 0.29-a0-887-gcbe080d7e0 to
                  | 0.29-a0-892-g2c4c91d9db
  1648 | D:2      | Noticed Natasha
  1660 | D:2      | Slain by Natasha

Illustrated notes

Levels and vault maps discovered:
D:1:      nicolae_arrival_somewhat_less_tricky_arrival, layout_basic
D:2:      minmay_chambers_of_twos, layout_loops_ring, uniq_natasha

Skill      XL: |  1  2 |
---------------+-------+-----
Spellcasting   | 3 |  3.0
Fighting       | |  0.7
Dodging        | |  1.8
Stealth        | |  1.9
Ice Magic      | |  3.4

Action                   || total
-------------------------++-------
Melee: Dagger            ||    27
 Cast: Freeze            ||    22
  Use: Scroll            ||     2
 Stab: Sleeping          ||     4
Armor: Robe              ||     5
Dodge: Dodged            ||    23

Table legend: (Time is in decaauts)
 A = Elapsed time spent in this place.
 B = Non-inter-level travel time spent in this place.
 C = Inter-level travel time spent in this place.
 D = Time resting spent in this place.
 E = Time spent auto-exploring this place.
 F = Levels seen in this place.
 G = Mean time per level.
                   A        B        C        D        E       F      G
               +--------+--------+--------+--------+--------+-----+--------+
         Total |   1659 |   1655 |      4 |     43 |   1461 |   2 |  829.5 |
       Dungeon |   1659 |   1655 |      4 |     43 |   1461 |   2 |  829.5 |
               +--------+--------+--------+--------+--------+-----+--------+

Top non-repeatable levels by time:
     D:1: 1603 daAuts
     D:2: 55 daAuts
